 Dungeon Crawl Stone Soup version 0.24.0-37-gcf1ca852f1 (webtiles) character file.

Game seed: 12078661517849134496, levelgen mode: deterministic

19739 roguesci the Basher (level 12, -32/75 HPs)
             Began as a Gargoyle Fighter on Dec 8, 2019.
             Was a Follower of Uskayaw.
             Annihilated by a titanic slime creature (81 damage)
             ... on level 11 of the Dungeon.
             The game lasted 00:24:09 (13376 turns).

roguesci the Basher (Gargoyle Fighter)             Turns: 13376, Time: 00:24:10

Health: -32/75     AC: 27    Str: 24    XL:     12   Next: 72%
Magic:  12/12      EV:  6    Int: 10    God:    Uskayaw [*.....]
Gold:   636        SH: 16    Dex:  9    Spells: 11/11 levels left

rFire    . . .     SeeInvis .   a - +0 flail
rCold    . . .     Gourm    .   D - +2 shield
rNeg     + + .     Faith    .   L - +0 plate armour
rPois    ∞         Spirit   .   (no helmet)
rElec    +         Reflect  +   (no cloak)
rCorr    .         Harm     .   b - +0 pair of gloves
MR       +....                  g - +0 pair of boots
Stlth    ..........             u - +3 amulet of reflection
HPRegen  0.22/turn              B - ring of positive energy
MPRegen  0.13/turn              G - ring of protection from magic

@: hasted, very quick
A: negative energy resistance 1, electricity resistance, unbreathing,
petrification resistance, rot immunity, AC +8
a: Stomp, Renounce Religion


You were on level 11 of the Dungeon.
You worshipped Uskayaw.
Uskayaw was noncommittal.
You were not hungry.

You visited 2 branches of the dungeon, and saw 13 of its levels.
You also visited: Ossuary.

You collected 636 gold pieces.

Inventory:

Hand Weapons
 a - a +0 flail (weapon)
Missiles
 i - 404 stones (quivered)
Armour
 b - a +0 pair of gloves (worn)
 c - a +0 shield
 g - a +0 pair of boots (worn)
 D - a +2 shield (worn)
 L - a +0 plate armour (worn)
Jewellery
 j - an uncursed ring of protection from magic
 u - a +3 amulet of reflection (around neck)
 B - a ring of positive energy (left hand)
 G - a ring of protection from magic (right hand)
 I - an uncursed ring of resist corrosion
Wands
 t - a wand of iceblast (4)
 w - a wand of flame (46)
Scrolls
 d - 5 scrolls of identify
 e - 6 scrolls of amnesia {unknown}
 h - 9 scrolls of remove curse {unknown}
 k - 4 scrolls of blinking {unknown}
 m - 2 scrolls of enchant weapon {unknown}
 n - a scroll of immolation {unknown}
 o - 3 scrolls of fear {unknown}
 p - a scroll of brand weapon {unknown}
 q - 3 scrolls of random uselessness {unknown}
 r - a scroll of magic mapping {unknown}
 s - 6 scrolls of teleportation {unknown}
 y - a scroll of fog {unknown}
 F - a scroll of enchant armour {unknown}
Potions
 l - a potion of magic
 x - a potion of lignification
 z - 2 potions of berserk rage
 C - 2 potions of brilliance
 E - 2 potions of haste
Comestibles
 f - 28 rations


   Skills:
 + Level 8.8 Fighting
 * Level 13.2 Maces & Flails
 * Level 11.8 Armour
 - Level 1.0 Dodging
 + Level 8.9 Shields


You had 11 spell levels left.
You didn't know any spells.
Your spell library contained the following spells:

 Spells                   Type           Power        Failure   Level  Hunger
 Beastly Appendage        Tmut           #.....       100%        1    ##.....
 Sticks to Snakes         Tmut           #.......     100%        2    ###....
 Spider Form              Tmut/Pois      #.........   100%        3    ####...
 Ice Form                 Ice/Tmut       #.......     100%        4    #####..
 Blade Hands              Tmut           #.........   100%        5    ######.


Dungeon Overview and Level Annotations

Branches:
Dungeon (12/15)            Temple (1/1) D:4            Lair (0/6) D:10
    Orc (0/2) D:10        Ossuary (visited)

Altars:
Ashenzari
Cheibriados
Dithmenos
Elyvilon
Fedhas
Gozag
Hepliaklqana
Kikubaaqudgha
Makhleb
Nemelex Xobeh
Okawaru
Qazlal
Ru
Sif Muna
Trog
Uskayaw
Vehumet
Wu Jian
Xom
Yredelemnul
Zin
The Shining One

Portals:
Trove: D:10 (give 2 scrolls of acquirement)

Annotations:
D:4 1 runed translucent door, TheNamelessOne's ghost, novice FoFi


Innate Abilities, Weirdness & Mutations

You are resistant to torment.
Your stone body is resilient. (AC +8)
You are immune to poison.
You resist negative energy. (rN+)
You are resistant to electric shocks. (rElec)
You can survive without breathing.
You are immune to petrification.
You are immune to rotting.


Message History

The large slime creature hits you!
A large slime creature splits.
The slime creature hits you but does no damage.
A large slime creature splits.
The large slime creature hits you!
You see here an adder corpse.
You block the slime creature's attack.
Two slime creatures merge to form a large slime creature.
You hit the slime creature.
The slime creature is lightly wounded.
The slime creature hits you.
Two slime creatures merge to form a very large slime creature.
A slime creature suddenly becomes a large slime creature.
Two slime creatures merge to form a large slime creature.
Two slime creatures merge to form a titanic slime creature.
Press: ? - help, v - describe, . - travel The floor.
Okay, then.
You feel yourself speed up. The titanic slime creature hits you!!!!
Ouch! That really hurt!
You die...

#.#.####.#.# #.#..##.#
#.#.#..#.#.# #.#..##.#
#.#.#..#.#.# #....##.#
###.#....#.#.#
#########...##.###
........##.#.#
#.J.JJ...........#
###.######.#.#
#.#######....#.#.# #........#.#
#J# ##..#.#.#.# ##########.# #J#
#.....#.#.# #.# #@# #J....#.#.#
#.# #.# #<#†..#.#.# #.# #.#
#.J>..#.#.# #.# #.# ####..#.#.#
#.# #.# #....#.# ###########.#
#(#########..###.# #...........#
#.#......[......[#
#.#############.#.#######..#.##[
#.#...........#.#.#........#....


You could see a titanic slime creature and 2 slime creatures.

Vanquished Creatures
  An unseen horror (D:10)
  A cyclops (D:11)
  A centaur skeleton (D:10)
  2 hornets
  A slime creature (D:11)
  A vampire (D:11)
  A hippogriff (D:10)
  Sigmund (D:2)
  A shadow (D:11)
  A spriggan (D:7)
  5 yaks (D:10)
  2 acid dragons (D:11)
  3 porcupines (D:10)
  4 orc warriors
  A water moccasin (D:9)
  Duvessa (D:6)
  6 sky beasts
  A swamp drake (D:10)
  2 ice beasts
  2 black bears (D:10)
  4 ogres
  4 phantoms
  9 centaurs
  2 crocodiles (D:10)
  4 big kobolds
  9 bullfrogs
  A gnoll sergeant (D:8)
  Blork the orc (D:6)
  Dowan (D:6)
  A wyvern skeleton (D:6)
  5 scorpions
  3 killer bees (D:9)
  8 wights (D:11)
  4 howler monkeys
  A crimson imp (D:5)
  3 bullfrog zombies
  5 centaur zombies
  3 jellies
  12 hounds
  6 orc priests
  10 orc wizards
  3 bullfrog skeletons
  3 iguanas
  Terence (D:3)
  9 worker ants
  5 big kobold zombies (Ossuary)
  2 hound zombies (D:10)
  4 mummies (Ossuary)
  A howler monkey skeleton (D:7)
  3 gnolls (D:8)
  22 adders
  8 shadow imps
  2 oozes
  4 adder zombies
  An adder skeleton (D:7)
  5 worms
  2 dart slugs
  3 leopard geckos
  46 orcs
  8 giant cockroaches
  6 goblins
  5 hobgoblins
  14 jackals
  26 kobolds
  7 quokkas
  6 bats
  2 frilled lizards
  3 hobgoblin zombies (Ossuary)
  A quokka zombie (D:6)
  7 rats
343 creatures vanquished.

Vanquished Creatures (others)
  An orc wizard (D:3)
  2 orcs (D:10)
  A kobold (D:10)
  6 fungi (D:10)
  2 withered plants (D:4)
12 creatures vanquished.

Grand Total: 355 creatures vanquished

Notes
Turn   | Place    | Note
-------+----------+-------------------------------------------
     0 | D:1      | roguesci the Gargoyle Fighter began the quest for the Orb.
     0 | D:1      | Reached XP level 1. HP: 14/14 MP: 1/1
   262 | D:1      | Reached XP level 2. HP: 16/19 MP: 2/2
   575 | D:1      | Reached XP level 3. HP: 21/23 MP: 3/3
   643 | D:1      | Reached skill level 1 in Dodging
  1023 | D:2      | Noticed Sigmund
  1045 | D:2      | Killed Sigmund
  1045 | D:2      | Reached skill level 3 in Maces & Flails
  1045 | D:2      | Reached XP level 4. HP: 13/29 MP: 4/4
  1045 | D:2      | Reached XP level 5. HP: 15/33 MP: 5/5
  1320 | D:2      | Reached XP level 6. HP: 35/38 MP: 6/6
  1441 | D:2      | Found a glowing golden altar of the Shining One.
  1599 | D:2      | Found an ornate altar of the Wu Jian Council.
  1600 | D:2      | Found a shadowy altar of Dithmenos.
  1777 | D:2      | Reached skill level 5 in Armour
  1822 | D:3      | Noticed Terence
  1845 | D:3      | Killed Terence
  1881 | D:3      | Reached skill level 4 in Maces & Flails
  2765 | D:3      | Reached XP level 7. HP: 44/44 MP: 7/7
  3139 | D:4      | Found a runed translucent door.
  3146 | D:4      | Noticed TheNamelessOne's ghost (novice FoFi)
  3407 | D:4      | Found a staircase to the Ecumenical Temple.
  3432 | Temple   | Entered the Ecumenical Temple
  3441 | Temple   | Became a worshipper of Uskayaw the Reveler
  3526 | D:4      | Reached * piety under Uskayaw
  3527 | D:4      | Reached ** piety under Uskayaw
  3530 | D:4      | Reached *** piety under Uskayaw
  3531 | D:4      | Reached skill level 5 in Maces & Flails
  3536 | D:4      | Reached **** piety under Uskayaw
  3539 | D:4      | Reached skill level 5 in Shields
  3539 | D:4      | Reached ***** piety under Uskayaw
  3853 | D:5      | Entered Level 5 of the Dungeon
  3880 | D:5      | Reached skill level 5 in Fighting
  3897 | D:5      | Reached XP level 8. HP: 38/49 MP: 8/8
  4133 | D:5      | Found a stormy altar of Qazlal.
  4375 | D:5      | Reached skill level 6 in Maces & Flails
  4967 | D:6      | Reached XP level 9. HP: 30/55 MP: 9/9
  5260 | D:6      | Reached skill level 7 in Maces & Flails
  5287 | D:6      | Noticed Duvessa
  5287 | D:6      | Noticed Dowan
  5303 | D:6      | Killed Duvessa
  5318 | D:6      | Killed Dowan
  5724 | D:6      | Noticed Blork the orc
  5738 | D:6      | Killed Blork the orc
  6484 | D:7      | Reached skill level 8 in Maces & Flails
  6776 | D:7      | Reached XP level 10. HP: 61/61 MP: 10/10
  7302 | D:8      | Found a sand-covered staircase.
  7311 | Ossuary  | Entered an ossuary
  7864 | D:9      | Found a radiant altar of Vehumet.
  7864 | D:9      | Found a glowing silver altar of Zin.
  7864 | D:9      | Found a snail-covered altar of Cheibriados.
  8230 | D:9      | Found a sacrificial altar of Ru.
  8432 | D:10     | Entered Level 10 of the Dungeon
  8438 | D:10     | Found a staircase to the Lair.
  8477 | D:10     | Reached skill level 10 in Armour
  8500 | D:10     | Reached skill level 9 in Maces & Flails
  8503 | D:10     | Reached ****** piety under Uskayaw
  8982 | D:10     | Killed an unseen horror
  9224 | D:10     | Reached XP level 11. HP: 41/68 MP: 11/11
  9549 | D:10     | Found a portal to a secret trove of treasure.
 10080 | D:10     | Reached skill level 10 in Maces & Flails
 10398 | D:10     | Found a staircase to the Orcish Mines.
 11855 | D:11     | Reached skill level 13 in Maces & Flails
 11855 | D:11     | Reached XP level 12. HP: 42/75 MP: 12/12
 13376 | D:11     | Annihilated by a titanic slime creature

Levels and vault maps discovered:
D:1:      denvon_arrival_planthouse, layout_loops_ring
D:2:      layout_rooms, minitemple, kennysheep_big_empty_room,
          chequers_serial_rivers_large_b, uniq_sigmund
D:3:      minmay_door_path, layout_basic, uniq_terence
D:4:      layout_cave_pools, minmay_temple_entry_butterflies,
          gammafunk_ghost_grave
D:5:      layout_cave_pools, overflow_temple_1_default, first_ration,
          serial_bayou_lagoon_a
D:6:      layout_loops_corners, uniq_blork_the_orc, uniq_duvessa
D:7:      layout_cave_pools, the_bakery, minmay_diced_spiral
D:8:      layout_cave_pools, nicolae_ossuary_entry_monument
D:9:      layout_roguey, gammafunk_temple_overflow_forgotten, basic_altar
D:10:     layout_loops_ring, due_lair_maze_entry_diamond, erik_orc_1,
          enter_trove_2
D:11:     layout_basic, small_statue_intersection, st_stairs_12
D:12:     layout_rooms
Temple:   nicolae_temple_no_exploring_needed

Skill      XL: |  1  2  3  4  5  6  7  8  9 10 11 |
---------------+----------------------------------+-----
Dodging        | 1 |  1.0
Fighting       | 4 5 6 7 8 |  8.8
Maces & Flails | 3 4 5 6 8 9 13 | 13.2
Armour         | 4 5 6 7 9 10 11 | 11.8
Shields        | 4 5 6 8 |  8.9

Action                   |  1- 3 |  4- 6 |  7- 9 | 10-12 || total
-------------------------+-------+-------+-------+-------++-------
Melee: Flail             |   111 |   259 |   627 |   936 ||  1933
Invok: Stomp             |       |       |       |     6 ||     6
  Use: Potion            |     1 |     3 |     5 |    11 ||    20
       Scroll            |       |       |     3 |     6 ||     9
 Stab: Paralysed         |       |       |     9 |    34 ||    43
       Confused          |       |       |       |     2 ||     2
  Eat: Chunk             |     1 |     6 |    14 |    18 ||    39
       Ration            |       |       |       |     2 ||     2
Armor: Scale mail        |    67 |   151 |   330 |   251 ||   799
       Plate armour      |       |       |       |   145 ||   145
       Skin              |       |       |       |     4 ||     4
Dodge: Dodged            |    49 |    98 |   207 |   192 ||   546
Block: Shield            |    70 |   139 |   361 |   695 ||  1265
       Reflection        |       |       |     6 |    15 ||    21
